 Dungeon Crawl Stone Soup version 0.30.0 (webtiles) character file.

Game seed: 17770901950575221952

900 alexhoolio the Trooper (level 7, -1/63 HPs)
             Began as a Minotaur Fighter on May 29, 2023.
             Slain by Prince Ribbit (11 damage)
             ... on level 5 of the Dungeon.
             The game lasted 00:22:48 (4888 turns).

alexhoolio the Trooper (Minotaur Fighter)           Turns: 4888, Time: 00:22:48

Health: -1/63      AC:  8    Str: 23      XL:     7   Next: 79%
Magic:  6/6        EV:  9    Int:  5      God:
Gold:   439        SH:  4    Dex:  7 (9)  Spells: 6/6 levels left

rFire   . . .        u - +0 broad axe
rCold   + . .        c - +0 buckler
rNeg    . . .        b - +0 scale mail
rPois   .            (helmet restricted)
rElec   .            n - scarf {repulsion}
rCorr   .            (no gloves)
SInv    .            h - +0 pair of boots
Will    .....        (no amulet) Stlth
                     s - ring of protection from cold
HPRegen 0.30/turn    (no ring)
MPRegen 0.10/turn

%: repel missiles
@: no status effects
A: horns 2, retaliatory headbutt
a: no special abilities


You were on level 5 of the Dungeon.
You visited 1 branch of the dungeon, and saw 5 of its levels.

You collected 439 gold pieces.

Inventory:

Hand Weapons
 a - a +0 trident
 u - a +0 broad axe (weapon)
Missiles
 j - 38 stones
 m - 3 boomerangs (quivered)
Armour
 b - a +0 scale mail (worn)
 c - a +0 buckler (worn)
 h - a +0 pair of boots (worn)
 n - a scarf of repulsion (worn)
Jewellery
 s - a ring of protection from cold (left hand)
 v - a ring of flight
 w - an amulet of faith
Scrolls
 e - a scroll of immolation {unknown}
 k - a scroll of noise {unknown}
 l - 2 scrolls of fog {unknown}
 q - a scroll of enchant weapon {unknown}
 r - 4 scrolls of identify {unknown}
 t - a scroll of silence {unknown}
 x - a scroll of amnesia {unknown}
Potions
 d - a potion of cancellation {unknown}
 f - a potion of curing
 g - a potion of flight {unknown}
 i - 2 potions of lignification {unknown}
 o - a potion of heal wounds {unknown}


   Skills:
 + Level 6.0 Fighting
 * Level 5.0(5.9) Axes
 - Level 3.7(5.0) Maces & Flails
 - Level 2.7(4.2) Polearms
 + Level 6.0 Armour
 + Level 5.9 Shields


You had 6 spell levels left.
You didn't know any spells.
Your spell library contained the following spells:

 Spells                   Type           Power      Damage    Failure   Level
 Necrotise                Necr           0%         1d4       83%         1
 Vampiric Draining        Necr           0%         2d6       99%         3
 Vhi's Electric Charge    Tloc/Air       0%         N/A       99%         3
 Agony                    Necr           0%         N/A       100%        5
 Arcjolt                  Conj/Air       0%         1d10      100%        5
 Maxwell's Capacitive Co  Air            0%         ∞         100%        8


Dungeon Overview and Level Annotations

Branches:
Dungeon (5/15)
 Temple: D:4-7

Altars:

Shops:
D:4 *

Annotations:
D:4 2 transporters
D:5 Prince Ribbit


Innate Abilities, Weirdness & Mutations

You have a pair of horns on your head.
You reflexively headbutt those who attack you in melee.


Message History

Prince Ribbit hits you!
Prince Ribbit blinks!
Throw: 41 stones
Press: ? - help, Q - select action, (/) - cycle Shift-Dir - straight line, f/p - Prince Ribbit
Aim: Prince Ribbit (moderately wounded, poisoned, 31% to hit)
You throw a stone. The stone closely misses Prince Ribbit.
Prince Ribbit lets out a mournful croak.
Throw: 40 stones
Press: ? - help, Q - select action, (/) - cycle Shift-Dir - straight line, f/p - Prince Ribbit
Aim: Prince Ribbit (moderately wounded, poisoned, 31% to hit)
You throw a stone.
The stone completely misses Prince Ribbit.
You closely miss Prince Ribbit.
Prince Ribbit is heavily wounded.
Prince Ribbit hits you! Prince Ribbit hits you.
You closely miss Prince Ribbit. You headbutt Prince Ribbit.
Prince Ribbit is heavily wounded.
Prince Ribbit hits you but does no damage.
You block Prince Ribbit's attack.
You closely miss Prince Ribbit.
Prince Ribbit is heavily wounded.
Prince Ribbit looks more healthy.
Prince Ribbit hits you!
Prince Ribbit blinks!
Throw: 39 stones
Press: ? - help, Q - select action, (/) - cycle Shift-Dir - straight line, f/p - Prince Ribbit
Aim: Prince Ribbit (heavily wounded, 31% to hit)
You throw a stone. The stone closely misses Prince Ribbit.
Throw: 3 boomerangs
Press: ? - help, Q - select action, (/) - cycle Shift-Dir - straight line, f/p - Prince Ribbit
Aim: Prince Ribbit (heavily wounded, 31% to hit)
You throw a boomerang.
The boomerang closely misses Prince Ribbit.
You hit Prince Ribbit.
Prince Ribbit is severely wounded.
Prince Ribbit misses you. Prince Ribbit hits you!
* * * LOW HITPOINT WARNING * * *
You closely miss Prince Ribbit.
Prince Ribbit is severely wounded.
Prince Ribbit hits you!
* * * LOW HITPOINT WARNING * * *
Prince Ribbit hits you!
You die...

##.#..#...# #(#
#.#..#...# #.#
#........# #.#
#####..##..# #.#
#....[..§... #(#
#.###....... #.#
#.# #.F##### #.#
#.# #..# #@# #.#
#o.# #F# #.# #..#
#.# ###.###..#####
#(###.............
#((...#...........
###......##..#####
#.#....##..#
#.#.#..##..#
#.#.#..##..#####


You could see Prince Ribbit.

Vanquished Creatures
  Eustachio (D:5)
  A water moccasin (D:4)
  A phantom (D:5)
  A scorpion (D:4)
  4 killer bees (D:4)
  A howler monkey (D:4)
  2 orc priests (D:4)
  2 hounds (D:4)
  An orc wizard (D:3)
  Robin (D:2)
  6 adders
  An ufetubus (D:4)
  2 worms
  3 dart slugs
  5 orcs
  4 endoplasms
  3 giant cockroaches
  15 goblins
  9 hobgoblins
  2 jackals (D:1)
  8 kobolds
  3 ball pythons
  6 bats
  4 frilled lizards
  2 rats (D:3)
88 creatures vanquished.

Vanquished Creatures (others)
  5 toadstools (D:2)
5 creatures vanquished.

Grand Total: 93 creatures vanquished

Notes
Turn   | Place    | Note
-------+----------+-------------------------------------------
     0 | D:1      | alexhoolio the Minotaur Fighter began the quest for the
                  | Orb.
     0 | D:1      | Reached XP level 1. HP: 19/19 MP: 0/0
   288 | D:1      | Reached XP level 2. HP: 27/27 MP: 1/1
   618 | D:1      | Reached skill level 1 in Maces & Flails
   817 | D:2      | Noticed Robin
   828 | D:2      | Killed Robin
   829 | D:2      | Reached XP level 3. HP: 23/33 MP: 2/2
  1398 | D:2      | Reached XP level 4. HP: 40/40 MP: 3/3
  1972 | D:3      | Found a faded altar of an unknown god.
  2635 | D:4      | Found a transporter.
  2635 | D:4      | Found Nagata's Lightly-Used Armoury.
  2689 | D:4      | Reached XP level 5. HP: 43/47 MP: 4/4
  2708 | D:4      | Noticed a fire bat
  2710 | D:4      | HP: 1/47 [orc wizard/magic dart (6)]
  2711 | D:4      | Noticed a fire bat
  3225 | D:5      | Entered Level 5 of the Dungeon
  3355 | D:4      | Reached skill level 1 in Axes
  3462 | D:4      | Found a transporter.
  3671 | D:4      | Reached XP level 6. HP: 52/55 MP: 5/5
  3705 | D:4      | Reached skill level 5 in Fighting
  3705 | D:4      | Reached skill level 5 in Shields
  3711 | D:4      | Reached skill level 5 in Armour
  3964 | D:4      | Reached XP level 7. HP: 51/61 MP: 6/6
  4378 | D:5      | Noticed Eustachio
  4481 | D:5      | Killed Eustachio
  4786 | D:5      | Noticed Prince Ribbit
  4795 | D:5      | Reached skill level 5 in Axes
  4888 | D:5      | Slain by Prince Ribbit

Illustrated notes

Levels and vault maps discovered:
D:1:      nicolae_arrival_somewhat_less_tricky_arrival, layout_basic,
          chequers_serial_rivers_large_a, serial_park_tiny_pond
D:2:      layout_basic, minmay_gold_behind_fungi, minmay_tripent, uniq_robin
D:3:      layout_loops_corners, shapermc_ecumenical_altar_mp_urbaneastern,
          kennysheep_generic_room_3
D:4:      gammafunk_cloud_chamber, layout_cave_pools, minmay_shop_damaged,
          kennysheep_small_spiral
D:5:      layout_loops_ring, yredelemnul_altar_generic, uniq_eustachio,
          uniq_duvessa, uniq_prince_ribbit1

Skill      XL: |  1  2  3  4  5  6  7 |
---------------+----------------------+-----
Maces & Flails | 1 2 3 |  3.7
Fighting       | 4 5 6 |  6.0
Armour         | 4 5 6 |  6.0
Shields        | 4 5 |  5.9
Axes           | 1 3 5 |  5.0
Polearms       | |  2.7

Action                     |  1- 3 |  4- 6 |  7- 9 || total
---------------------------+-------+-------+-------++-------
  Melee: Trident           |     7 |       |       ||     7
         Mace              |    61 |    71 |       ||   132
         Headbutt          |     6 |    12 |     8 ||    26
         Broad axe         |       |    42 |    99 ||   141
  Throw: Stone             |     2 |     1 |     4 ||     7
         Boomerang         |       |     1 |     9 ||    10
         Dart              |       |       |     8 ||     8
    Use: Potion            |       |     5 |       ||     5
 Armour: Scale mail        |    44 |    72 |    61 ||   177
  Dodge: Dodged            |    45 |    67 |    64 ||   176
         Repelled          |       |     1 |       ||     1
  Block: Buckler           |    18 |    29 |    28 ||    75
